 Dungeon Crawl Stone Soup version 0.29-a0-911-g88e6f02907 (webtiles) character file.

Game seed: 7277028877885684529

142 Hubjo the Insei (level 5, -4/40 HPs)
             Began as a Demonspawn Transmuter on July 25, 2022.
             Splashed by a jelly's acid (8 damage)
             ... on level 2 of the Dungeon.
             The game lasted 00:05:39 (2267 turns).

Hubjo the Insei (Demonspawn Transmuter)             Turns: 2267, Time: 00:05:40

Health: -4/40      AC: -1    Str: 11    XL:     5   Next: 3%
Magic:  8/8        EV: 12    Int: 20    God:
Gold:   80         SH:  0    Dex: 13    Spells: 8/9 levels left

rFire   . . .      SeeInvis .   i - +5 hand axe "Beetle's Bane" {protect, Contam rElec Int+4}
rCold   . . .      Faith    .   (no shield)
rNeg    . . .      Spirit   .   a - +0 robe
rPois   .          Reflect  .   (helmet currently unavailable)
rElec   +          Harm     .   (no cloak)
rCorr   .          Rampage  .   (no gloves)
Will    .....                   (boots currently unavailable)
Stlth   +.........              (no amulet)
HPRegen 0.13/turn               (no ring)
MPRegen 0.11/turn               (no ring)

@: appendages (expiring), corroded, sanguine armoured, under a protective aura
A: horns 2, talons 2, demonic guardian 1, sanguine armour 1
a: End Transformation


You were on level 2 of the Dungeon.
You had temporarily grown beastly horns and talons.
You visited 1 branch of the dungeon, and saw 2 of its levels.

You collected 80 gold pieces.

Inventory:

Hand Weapons
 i - the +5 hand axe "Beetle's Bane" (weapon) {protect, Contam rElec Int+4}
   (You took it off a kobold on level 2 of the Dungeon)

   It grants its wielder temporary protection when it strikes (+7 to AC).
   Int:       It affects your intelligence (+4).
   rElec:     It insulates you from electricity.
   Contam:    It causes magical contamination when unequipped.
Armour
 a - a +0 robe (worn)
 e - a +2 helmet
Scrolls
 f - 4 scrolls of immolation


   Skills:
 * Level 2.9 Fighting
 - Level 1.7 Dodging
 + Level 3.2 Unarmed Combat
 + Level 2.6 Spellcasting
 * Level 3.1 Transmutations


You had 8 spell levels left.
You knew the following spells:

 Your Spells              Type           Power      Damage    Failure   Level
a - Beastly Appendage     Tmut           30%        N/A       4%          1

Your spell library contained the following spells:

 Spells                   Type           Power      Damage    Failure   Level
 Wereblood                Tmut           15%        N/A       6%          2
 Spider Form              Tmut/Pois      8%         N/A       24%         3
 Frozen Ramparts          Ice            4%         1d2       41%         3
 Ice Form                 Ice/Tmut       8%         N/A       61%         4
 Summon Ice Beast         Ice/Summ       2%         N/A       83%         4


Dungeon Overview and Level Annotations

Branches:
Dungeon (2/15)

Altars:

Shops:
D:1 =   D:2 :(


Innate Abilities, Weirdness & Mutations

You have temporarily grown beastly horns and talons.
A weak demonic guardian rushes to your aid.
When seriously injured, your blood forms armour. (AC +6)


Message History

* * * LOW HITPOINT WARNING * * *
A demonic guardian appears!
You swap places.
Your ufetubus hits the jelly. The acid corrodes your ufetubus!
Your ufetubus is burned by acid!
Your ufetubus hits the jelly.
Your ufetubus is burned by acid!
Your ufetubus dies!
Your ufetubus disappears in a puff of smoke!
As you read the scroll labelled TEHERO DOUKK, it crumbles to dust.
You assume a fearsome visage.
The jelly looks frightened!
It was a scroll of fear.
There is an open door here.
Cornered, the jelly turns to fight!
Magic restored.
A jelly is nearby!
As you read the scroll labelled LIWITU VANOCAI, it crumbles to dust.
It is a scroll of enchant weapon.
You aren't carrying any weapons that can be enchanted.
There is an open gate here.
You feel clever.
You feel a build-up of mutagenic energy.
The +5 hand axe "Beetle's Bane" {protect, Contam rElec Int+4} hums with potential!
i - the +5 hand axe "Beetle's Bane" (weapon)
{protect, Contam rElec Int+4} Your transformation is almost over.
You hit the jelly but do no damage.
Your weapon exudes an aura of protection.
Your hands burn!
* * * LOW HITPOINT WARNING * * *
You headbutt the jelly, but do no damage.
The jelly is heavily wounded.
The jelly hits you but does no damage.
You hit the jelly but do no damage.
Your hands burn!
* * * LOW HITPOINT WARNING * * *
A demonic guardian appears!
You headbutt the jelly, but do no damage.
The jelly is heavily wounded.
The jelly hits you.
* * * LOW HITPOINT WARNING * * *
The acid corrodes you!
You are splashed with acid!
You die...

###..####.# #.......#
#......##.# #)......#
..#..#.##.# #.......#
..........# ##...).##
##.....###########..)##
##............###'''###
##.###########5......# #.#
#J##.##)# #.# #@##.##.#
##รท## #....##........
##...## ###)######.####
##.....## ### #.# #
#.......## ##.###.#
.........####...##.######
.........'................
.........####...##.######.
#.......## ##.###.#


You could see a jelly (ally target) and a friendly white imp (summoned).

Vanquished Creatures
  2 jellies (D:2)
  A gnoll (D:1)
  2 adders (D:2)
  A worm (D:2)
  6 bats (D:1)
  6 endoplasms (D:2)
  2 giant cockroaches (D:1)
  3 goblins
  A hobgoblin (D:1)
  7 jackals
  2 ball pythons (D:1)
  2 frilled lizards
  8 kobolds
  A rat (D:2)
44 creatures vanquished.

Vanquished Creatures (collateral kills)
  An adder (D:2)
1 creature vanquished.

Vanquished Creatures (others)
  5 fungi (D:2)
  8 toadstools (D:2)
13 creatures vanquished.

Grand Total: 58 creatures vanquished

Notes
Turn   | Place    | Note
-------+----------+-------------------------------------------
     0 | D:1      | Hubjo the Demonspawn Transmuter began the quest for the
                  | Orb.
     0 | D:1      | Reached XP level 1. HP: 15/15 MP: 3/3
   250 | D:1      | Gained mutation: A weak demonic guardian rushes to your
                  | aid. [demonic ancestry]
   250 | D:1      | Reached XP level 2. HP: 14/21 MP: 3/5
   392 | D:1      | Found Zennofah's Jewellery Boutique.
   658 | D:1      | Reached XP level 3. HP: 25/27 MP: 6/6
   985 | D:2      | Identified the +5 hand axe "Beetle's Bane" {protect, Contam
                  | rElec Int+4}
  1134 | D:2      | Found Kude's Weapon Shop.
  1378 | D:2      | Found Menaugue's Book Boutique.
  1570 | D:2      | Gained mutation: When seriously injured, your blood forms
                  | armour. (AC +6) [demonic ancestry]
  1570 | D:2      | Reached XP level 4. HP: 26/33 MP: 7/7
  1959 | D:2      | Reached XP level 5. HP: 5/40 MP: 6/8
  2267 | D:2      | Splashed by a jelly's acid

Illustrated notes

Levels and vault maps discovered:
D:1:      tarquinn_simple_flora_water_d, layout_basic, serial_shops, shop
D:2:      cheibrodos_fertilizer, layout_loops_corners, serial_shops, shop,
          nicolae_shop_statue_plus, chequers_serial_rivers_micro_a

Skill      XL: |  1  2  3  4 |
---------------+-------------+-----
Transmutations | 2 3 |  3.1
Fighting       | 2 |  2.9
Unarmed Combat | 3 |  3.2
Dodging        | |  1.7
Spellcasting   | |  2.6

Action                   |  1- 3 |  4- 6 || total
-------------------------+-------+-------++-------
Melee: Unarmed           |    81 |    45 ||   126
       Kick              |    17 |     7 ||    24
       Headbutt          |    12 |     8 ||    20
       Punch             |       |     1 ||     1
       Hand axe          |       |     2 ||     2
 Cast: Beastly Appendage |    17 |     7 ||    24
  Use: Potion            |     2 |     2 ||     4
       Scroll            |     1 |     2 ||     3
 Stab: Sleeping          |       |     1 ||     1
Armor: Robe              |    16 |     9 ||    25
       Skin              |       |     1 ||     1
Dodge: Dodged            |    44 |    17 ||    61

Table legend: (Time is in decaauts)
 A = Elapsed time spent in this place.
 B = Non-inter-level travel time spent in this place.
 C = Inter-level travel time spent in this place.
 D = Time resting spent in this place.
 E = Time spent auto-exploring this place.
 F = Levels seen in this place.
 G = Mean time per level.
                   A        B        C        D        E       F      G
               +--------+--------+--------+--------+--------+-----+--------+
         Total |   2240 |   2229 |     11 |    278 |   1654 |   2 | 1120.0 |
       Dungeon |   2240 |   2229 |     11 |    278 |   1654 |   2 | 1120.0 |
               +--------+--------+--------+--------+--------+-----+--------+

Top non-repeatable levels by time:
     D:2: 1285 daAuts
     D:1: 955 daAuts
